 Dungeon Crawl Stone Soup version 0.29.1-2-gbd0b4ee654 (webtiles) character file.

Game seed: 12010687060620296475

114753 VictoriousLee the Earth Mage (level 16, -2/77 HPs)
             Began as a Gargoyle Earth Elementalist on Nov 25, 2022.
             Was the Champion of Hepliaklqana.
             Killed from afar by an eleionoma (33 damage)
             ... with a spray of wooden splinters
             ... on level 1 of the Swamp on Nov 26, 2022.
             The game lasted 04:35:13 (32581 turns).

VictoriousLee the Earth Mage (GrEE)                Turns: 32581, Time: 04:35:13

Health: -2/77      AC: 24    Str: 15    XL:     16   Next: 66%
Magic:  32/42      EV: 12    Int: 21    God:    Hepliaklqana [******]
Gold:   1424       SH: 10    Dex: 12    Spells: 10/42 levels left

rFire   . . .      SeeInvis .   b - staff of conjuration
rCold   + . .      Faith    .   S - +2 buckler {rN+}
rNeg    + + .      Spirit   .   L - +1 robe of Vanity {rElec rC+ rCorr Dex+2}
rPois   ∞          Reflect  +   I - +2 hat {Stlth+}
rElec   +          Harm     .   f - +2 cloak
rCorr   +          Rampage  .   r - +1 pair of gloves
Will    +....                   s - +1 pair of boots
Stlth   +++.......              p - amulet of reflection
HPRegen 0.22/turn               G - ring of magical power
MPRegen 0.28/turn               i - ring of wizardry

@: flying
A: reduced essence, sickness immunity, AC +12, big wings, negative energy
resistance 1, electricity resistance, torment resistance 1, petrification
resistance
a: Renounce Religion, Recall Ancestor, Ancestor Identity, Transference, Idealise


You were on level 1 of the Swamp.
You worshipped Hepliaklqana.
Hepliaklqana was exalted by your worship.
You visited 5 branches of the dungeon, and saw 24 of its levels.
You also visited: Sewer and Ossuary.

You collected 3844 gold pieces.
You spent 2420 gold pieces at shops.

Inventory:

Hand Weapons
 a - a +5 demon whip of flaming
 o - the +6 flail "Kinwyalor" {flame, Int+2}
   (You bought it in a shop on level 13 of the Dungeon)

   It burns those it strikes, dealing additional fire damage.
   Int:       It affects your intelligence (+2).
Missiles
 k - 5 curare-tipped darts
 l - 7 boomerangs of dispersal
 m - 5 atropa-tipped darts
 D - 5 silver javelins
Armour
 d - the +1 plate armour of the Fiddle {rPois Str+3 Dex-5}
   (You took it off a gnoll sergeant on level 11 of the Dungeon)

   Str:       It affects your strength (+3).
   Dex:       It affects your dexterity (-5).
   rPois:     It protects you from poison.
 f - a +2 cloak (worn)
 r - a +1 pair of gloves (worn)
 s - a +1 pair of boots (worn)
 I - a +2 hat of stealth (worn)
 L - the +1 robe of Vanity (worn) {rElec rC+ rCorr Dex+2}
   (You found it on level 11 of the Dungeon)

   Dex:       It affects your dexterity (+2).
   rC:        It protects you from cold.
   rElec:     It insulates you from electricity.
   rCorr:     It protects you from acid and corrosion.
 S - a +2 buckler of positive energy (worn)
Magical Staves
 b - a staff of conjuration (weapon)
Jewellery
 i - a ring of wizardry (right hand)
 p - an amulet of reflection (around neck)
 q - a ring of ice
 B - a ring of resist corrosion
 G - a ring of magical power (left hand)
 K - a ring of protection from fire
 M - the ring "Baylil" {rPois Dex+4}
   (You found it on level 11 of the Dungeon)

   [ring of poison resistance]

   Dex:       It affects your dexterity (+4).
   rPois:     It protects you from poison.
 O - a ring of protection from fire
 R - a ring of protection from cold
Wands
 y - a wand of mindburst (9)
 F - a wand of light (14)
 J - a wand of digging (9)
 V - a wand of flame (53)
 Y - a wand of iceblast (9)
Scrolls
 c - 8 scrolls of identify
 n - 2 scrolls of enchant armour
 t - a scroll of summoning
 w - 3 scrolls of magic mapping
 z - a scroll of silence
 A - 9 scrolls of teleportation
 E - 2 scrolls of butterflies
 T - 2 scrolls of amnesia
 W - 2 scrolls of blinking
 Z - a scroll of brand weapon
Potions
 e - 3 potions of might
 g - 8 potions of attraction
 h - a potion of cancellation
 j - 7 potions of brilliance
 u - 13 potions of curing
 v - 7 potions of lignification
 x - 4 potions of haste
 H - a potion of magic
 N - 3 potions of ambrosia
 P - a potion of resistance
 Q - 2 potions of invisibility
 U - 2 potions of mutation
Miscellaneous
 C - a lightning rod (4/4)


   Skills:
 - Level 4.4 Fighting
 - Level 14.0 Maces & Flails
 - Level 4.0 Armour
 - Level 4.0 Dodging
 - Level 2.1 Stealth
 - Level 13.5 Spellcasting
 - Level 15.0 Conjurations
 - Level 6.0 Necromancy
 - Level 0.7 Transmutations
 * Level 16.8 Earth Magic


You had 10 spell levels left.
You knew the following spells:

 Your Spells              Type           Power      Damage    Failure   Level
a - Stone Arrow           Conj/Erth      100%       3d13      1%          3
b - Static Discharge      Conj/Air       62%        3-11/arc  1%          2
c - Borgnjor's Vile Clut  Necr/Erth      29%        N/A       1%          5
d - Lehudib's Crystal Sp  Conj/Erth      44%        10d11     22%         8
h - Hailstorm             Conj/Ice       62%        3d13      1%          4
p - Passwall              Tmut/Erth      41%        N/A       1%          2
s - Sandblast             Erth           100%       2d20      0%          1
z - Orb of Destruction    Conj           43%        9d12      4%          7

Your spell library contained the following spells:

 Spells                   Type           Power      Damage    Failure   Level
 Magic Dart               Conj           100%       1d8       0%          1
 Beastly Appendage        Tmut           34%        N/A       1%          1
 Necrotise                Necr           100%       1d9       1%          1
 Mephitic Cloud           Conj/Pois/Air  52%        N/A       1%          3
 Vampiric Draining        Necr           39%        2d8       1%          3
 Dispel Undead            Necr           39%        3d16      1%          4
 Flame Wave               Conj/Fire      62%        2d14      1%          4
 Petrify                  Tmut/Erth      50%        N/A       1%          4
 Sticky Flame             Conj/Fire      62%        2d8       1%          4
 Apportation              Tloc           28%        N/A       2%          1
 Summon Small Mammal      Summ           56%        N/A       2%          1
 Wereblood                Tmut           17%        N/A       2%          2
 Irradiate                Conj/Tmut      31%        3d22      2%          5
 Lightning Bolt           Conj/Air       31%        1d48      3%          5
 Call Imp                 Summ           14%        N/A       4%          2
 Scorch                   Fire           28%        2d6       4%          2
 Spider Form              Tmut/Pois      15%        N/A       6%          3
 Agony                    Necr           39%        N/A       6%          5
 Call Canine Familiar     Summ           14%        N/A       8%          3
 Inner Flame              Hex/Fire       14%        N/A       8%          3
 Summon Guardian Golem    Hex/Summ       14%        N/A       8%          3
 Airstrike                Air            7%         2d(1-17)  24%         4
 Cause Fear               Hex            7%         N/A       24%         4
 Passage of Golubria      Tloc           14%        N/A       24%         4
 Summon Lightning Spire   Summ/Air       14%        N/A       24%         4
 Alistair's Intoxication  Tmut/Pois      10%        N/A       47%         5
 Silence                  Hex/Air        7%         N/A       52%         5
 Eringya's Noxious Bog    Tmut/Pois      7%         N/A       95%         6
 Summon Cactus Giant      Summ           7%         N/A       97%         6
 Discord                  Hex            7%         N/A       100%        8


Dungeon Overview and Level Annotations

Branches:
Dungeon (15/15)            Temple (1/1) D:5            Lair (5/5) D:11
  Swamp (1/4) Lair:2        Snake (0/4) Lair:3        Slime (0/5) Lair:4
    Orc (2/2) D:10            Elf (0/3) Orc:2        Vaults (0/5) D:14
 Depths (0/4) D:15          Sewer (visited)         Ossuary (visited)

Altars:
Ashenzari
Cheibriados
Dithmenos
Elyvilon
Fedhas
Gozag
Hepliaklqana
Kikubaaqudgha
Makhleb
Nemelex Xobeh
Okawaru
Qazlal
Ru
Sif Muna
Trog
Uskayaw
Vehumet
Wu Jian
Xom
Yredelemnul
Zin
The Shining One
Jiyva
Lugonu

Shops:
D:6 :   D:9 *   D:11 [   D:13 *   Orc:1 *   Orc:2 [*(=

Portals:
Abyss: Lair:1

Annotations:
Lair:3 2 transporters, FizzleBangTC's ghost, journeyman MeEE


Innate Abilities, Weirdness & Mutations

Your life essence is reduced to manifest your ancestor. (-10% HP)
You are immune to sickness and miasma.
Your stone body is resilient. (AC +12)
You are immune to poison.
Your large and strong wings let you fly.
You resist negative energy. (rN+)
You are resistant to electric shocks. (rElec)
You are resistant to unholy torment.
You are immune to petrification.


Message History

The spray of wooden splinters misses you.
The spray of wooden splinters hits Voracia!
Voracia is destroyed!
Casting: Sandblast (safe; 0% risk of failure)
Confirm with . or Enter, or press ? or * to list all spells.
Aiming: Sandblast (safe; 0% risk of failure)
Press: ? - help, Shift-Dir - straight line, f/p - eleionoma
Aim: an eleionoma (severely wounded, 85% to hit)
The blast of sand hits the eleionoma!
The eleionoma is almost dead.
The eleionoma hurls a spray of splinters at you.
The spray of wooden splinters hits you!
The eleionoma hurls a spray of splinters at you.
The spray of wooden splinters hits you.
Casting: Sandblast (safe; 0% risk of failure)
Confirm with . or Enter, or press ? or * to list all spells.
Aiming: Sandblast (safe; 0% risk of failure)
Press: ? - help, Shift-Dir - straight line, f/p - eleionoma
Aim: an eleionoma (almost dead, 85% to hit)
The blast of sand misses the eleionoma.
The eleionoma touches a tree and draws upon its vitality.
The eleionoma is healed.
Casting: Sandblast (safe; 0% risk of failure)
Confirm with . or Enter, or press ? or * to list all spells.
Aiming: Stone Arrow (safe; 1% risk of failure)
Press: ? - help, Shift-Dir - straight line, f/p - eleionoma
Aim: an eleionoma (78% to hit)
You feel a surge of power!
The stone arrow hits the eleionoma!!
The eleionoma is moderately wounded.
You block the eleionoma's attack.
The eleionoma hurls a spray of splinters at you.
The spray of wooden splinters misses you.
The eleionoma flows through the trees.
The eleionoma hits you!
The eleionoma hurls a spray of splinters at you.
The spray of wooden splinters hits you!
The eleionoma flows through the trees.
The eleionoma hurls a spray of splinters at you.
The spray of wooden splinters hits you!!
You die...

** ♣~.♣
♣♣.~~.♣...~.~~~..~. ♣~.♣♣
♣..~§♣♣.~~~..~~~.. ♣..~♣
♣♣.§~~♣♣.~~~~...♣.♣
♣♣.♣♣♣♣.~~~.♣♣~~~♣~~~.>.♣
♣..♣♣.♣♣♣...♣.~...~...~♣
♣.~♣..R...§.♣..~~.~~~~~♣
♣.~.≈≈≈≈≈..♣♣.~~~.§~~~.♣
♣..≈≈≈≈≈≈≈..♣♣.~~..~~~.♣
♣♣≈≈≈≈≈@≈≈≈.♣R.~~~.~~~~♣
♣≈≈≈≈≈≈≈≈≈≈.~~.>..~~..♣
♣.≈≈≈≈≈≈≈≈≈...~~§.~.~♣♣
♣..≈≈.≈≈≈≈≈.~~..~.~~~.♣
♣..≈.<.≈≈≈.♣♣~~.~.~..♣♣
♣.......≈...~♣~~~~~.♣♣
♣♣♣ ♣..~...~..~.~~~~~~.♣♣
♣.♣♣ ♣....~~~...♣.♣..~.♣♣
♣♣.♣♣
♣.~..♣..§~~~..~§...♣♣♣♣


You could see an eleionoma.

Vanquished Creatures
  Frances (Swamp:1)
  A frost giant (D:15)
  2 orc warlords
  Nessos (D:14)
  An eleionoma (Swamp:1)
  6 hydras
  6 boulder beetles
  2 two-headed ogres
  A ghost crab (Lair:2)
  3 centaur warriors
  A death knight (D:15)
  2 death yaks
  3 tengu warriors
  6 alligators
  Urug (D:14)
  3 orc high priests (Orc:2)
  8 skeletal warriors
  2 goliath frogs (Swamp:1)
  A spriggan druid (Lair:2)
  A bog body (Swamp:1)
  A sea snake (Lair:5)
  A phantasmal warrior (D:15)
  A swamp dragon (Swamp:1)
  A lindwurm (Lair:4)
  A harpy (shapeshifter) (D:14)
  2 deep elf pyromancers
  3 orc knights
  A harpy (Lair:5)
  3 ugly things
  3 orc sorcerers (Orc:2)
  A cyclops (shapeshifter) (D:15)
  9 cyclopes
  A salamander (shapeshifter) (D:14)
  2 will-o-the-wisps (D:15)
  A black mamba (Lair:3)
  6 elephants (Lair:5)
  2 gargoyles
  12 cane toads
  4 rime drakes
  6 komodo dragons
  3 kobold demonologists
  A komodo dragon (shapeshifter) (D:11)
  3 freezing wraiths (D:15)
  4 tengu conjurers (D:14)
  A yaktaur (D:11)
  5 polar bears
  Prince Ribbit (D:8)
  A bloated husk (Swamp:1)
  3 meliai (D:14)
  10 trolls
  A tyrant leech (Lair:2)
  16 blink frogs
  4 slime creatures
  3 dream sheep (Lair:5)
  3 hornets (Swamp:1)
  2 shadows (D:11)
  4 spriggans
  5 hogs (Lair:3)
  16 humans (D:14)
  3 wraiths
  47 yaks
  7 basilisks
  5 wyverns
  7 vampire mosquitoes
  A steam dragon (D:9)
  4 wargs
  3 acid dragons
  7 water moccasins
  A hexer (D:15)
  2 swamp drakes
  3 ice beasts
  35 orc warriors
  A sky beast (D:7)
  2 hornet zombies (Ossuary)
  4 black bears
  11 ogres
  15 centaurs
  A phantom (D:7)
  5 kobold brigands
  5 necrophages
  7 bullfrogs
  4 gnoll sergeants
  A water moccasin zombie (Ossuary)
  3 scorpions
  4 wyvern zombies (Ossuary)
  7 killer bees
  9 howler monkeys
  A jelly (D:4)
  4 bullfrog zombies (Ossuary)
  A centaur zombie (Ossuary)
  7 hounds
  28 orc priests
  6 iguanas
  31 orc wizards
  4 killer bee zombies (Ossuary)
  12 mummies
  Robin (D:4)
  15 gnolls
  19 adders
  3 river rats (D:6)
  A shadow imp (D:7)
  A white imp (D:7)
  An ufetubus (D:3)
  6 worms
  5 dart slugs
  102 orcs
  5 bats
  6 endoplasms
  A giant cockroach (D:4)
  14 goblins
  10 hobgoblins
  12 jackals
  12 kobolds
  9 quokkas
  9 ball pythons
  3 frilled lizards
  A goblin zombie (D:6)
  A kobold zombie (D:6)
  12 rats
746 creatures vanquished.

Vanquished Creatures (collateral kills)
  Gastronok (Lair:3)
  Kirke (Lair:3)
  A hydra (Lair:4)
  A merfolk avatar (Lair:5)
  A centaur warrior (D:11)
  A boulder beetle (D:11)
  A two-headed ogre (D:9)
  An orc high priest (Orc:2)
  A death yak (Lair:3)
  2 skeletal warriors (D:13)
  Lodul (D:11)
  A harpy (Lair:5)
  An orc knight (Orc:2)
  An oklob plant (D:11)
  An ugly thing (D:12)
  A will-o-the-wisp (Lair:2)
  A manticore (D:12)
  An elephant (Lair:5)
  Maurice (D:8)
  A black mamba (Lair:5)
  5 cane toads
  An unseen horror (D:11)
  5 komodo dragons
  2 polar bears
  4 trolls
  4 tyrant leeches
  A wind drake (Lair:5)
  3 blink frogs
  4 slime creatures (D:14)
  A dream sheep (Lair:5)
  2 shadows (D:12)
  3 wraiths
  A spriggan (shapeshifter) (D:13)
  2 spriggans (Lair:2)
  A wyvern (Lair:5)
  9 yaks
  3 vampire mosquitoes
  An acid dragon (D:11)
  3 water moccasins
  7 orc warriors
  An ogre (D:11)
  A kobold brigand (D:9)
  3 bullfrogs
  3 howler monkeys
  2 orc priests
  A gnoll bouda (D:7)
  2 orc wizards
  An adder (D:9)
  A shadow imp (D:7)
  17 orcs
  4 kobolds (D:10)
  A lurking horror (Lair:1)
120 creatures vanquished.

Vanquished Creatures (others)
  A tyrant leech (Lair:2)
  20 hexers
  18 foxfires
  43 fungi
  A lurking horror (Lair:1)
  75 plants
  9 withered plants (Ossuary)
167 creatures vanquished.

Grand Total: 1033 creatures vanquished

Notes
Turn   | Place    | Note
-------+----------+-------------------------------------------
     0 | D:1      | VictoriousLee the Gargoyle Earth Elementalist began the
                  | quest for the Orb.
     0 | D:1      | Reached XP level 1. HP: 10/10 MP: 3/3
   180 | D:1      | Reached XP level 2. HP: 14/15 MP: 0/5
   403 | D:1      | Reached skill level 4 in Earth Magic
   484 | D:1      | Learned a level 2 spell: Passwall
   521 | D:1      | Found a faded altar of an unknown god.
   624 | D:1      | Reached XP level 3. HP: 19/19 MP: 5/7
  1185 | D:1      | Learned a level 3 spell: Stone Arrow
  1348 | D:1      | Reached XP level 4. HP: 14/24 MP: 1/9
  2140 | D:3      | Reached XP level 5. HP: 28/28 MP: 5/11
  2248 | D:3      | Found a broken altar of Ashenzari.
  2711 | D:3      | Reached skill level 1 in Conjurations
  2925 | D:4      | Reached skill level 5 in Earth Magic
  3157 | D:4      | Noticed Robin
  3187 | D:4      | Killed Robin
  3188 | D:4      | Reached XP level 6. HP: 30/32 MP: 4/12
  3773 | D:5      | Entered Level 5 of the Dungeon
  4048 | D:4      | Reached skill level 6 in Earth Magic
  4048 | D:4      | Reached XP level 7. HP: 36/36 MP: 7/13
  4172 | D:4      | Reached skill level 5 in Conjurations
  4389 | D:5      | Found a staircase to the Ecumenical Temple.
  4415 | Temple   | Entered the Ecumenical Temple
  4787 | Temple   | Became a worshipper of Hepliaklqana the Forgotten
  4879 | D:5      | HP: 1/36 [adder (3)]
  4882 | D:5      | Reached skill level 7 in Earth Magic
  4882 | D:5      | Reached XP level 8. HP: 21/41 MP: 0/14
  5232 | D:5      | Noticed a yak
  5238 | D:5      | Killed a yak
  5490 | D:5      | Reached skill level 8 in Earth Magic
  5827 | D:5      | Reached XP level 9. HP: 45/45 MP: 15/15
  5919 | D:5      | Noticed a two-headed ogre
  5938 | D:5      | Killed a two-headed ogre
  5939 | D:5      | Reached skill level 10 in Conjurations
  5939 | D:5      | Reached skill level 9 in Earth Magic
  6185 | D:6      | Found a glowing drain.
  6189 | Sewer    | Entered a sewer
  6592 | D:6      | Found a sand-covered staircase.
  6598 | Ossuary  | Entered an ossuary
  6791 | Ossuary  | Reached skill level 10 in Earth Magic
  6848 | Ossuary  | Reached XP level 10. HP: 38/50 MP: 16/16
  6863 | Ossuary  | Reached skill level 1 in Maces & Flails
  7335 | D:6      | Found a blossoming altar of Fedhas.
  7504 | D:6      | Found Jacau's Book Shop.
  7505 | D:6      | Found a large runed translucent door.
  7562 | D:6      | Found a large runed translucent door.
  7837 | D:6      | Reached * piety under Hepliaklqana
  7946 | D:6      | Reached skill level 5 in Maces & Flails
  7948 | D:6      | Found a basalt altar of Yredelemnul.
  7955 | D:6      | Found a burning altar of Makhleb.
  8987 | D:7      | Reached ** piety under Hepliaklqana
  8988 | D:7      | Remembered your ancestor Voracia as a hexer
  9367 | D:8      | Noticed Prince Ribbit
  9408 | D:8      | Killed Prince Ribbit
 10087 | D:8      | Reached XP level 11. HP: 48/48 MP: 17/17
 10152 | D:8      | Noticed Maurice
 10156 | D:8      | Killed Maurice
 10248 | D:8      | Found an ancient bone altar of Kikubaaqudgha.
 10251 | D:8      | Found a bloodstained altar of Trog.
 10455 | D:9      | Noticed a sixfirhy
 10494 | D:9      | Learned a level 2 spell: Static Discharge
 10588 | D:6      | Bought Great Wizards, Vol. II for 494 gold pieces
 10594 | D:6      | Learned a level 5 spell: Borgnjor's Vile Clutch
 10726 | D:10     | Entered Level 10 of the Dungeon
 10802 | D:9      | Noticed a seven-headed hydra
 10807 | D:9      | Killed a seven-headed hydra
 11158 | D:9      | Noticed a two-headed ogre
 11164 | D:9      | Killed a two-headed ogre
 11165 | D:9      | Reached skill level 5 in Necromancy
 11169 | D:9      | Found Fotojuh's Serpentskin Sales.
 11968 | D:10     | Reached *** piety under Hepliaklqana
 12358 | D:10     | Found a staircase to the Orcish Mines.
 12702 | D:11     | Noticed a five-headed hydra
 12713 | D:10     | Reached skill level 1 in Fighting
 12733 | D:11     | Found a staircase to the Lair.
 12733 | D:11     | Noticed an oklob plant
 12916 | D:11     | Reached skill level 10 in Maces & Flails
 12960 | D:11     | Killed an oklob plant
 12971 | D:11     | Killed a five-headed hydra
 12972 | D:11     | Reached skill level 5 in Spellcasting
 12972 | D:11     | Reached XP level 12. HP: 41/54 MP: 17/19
 13056 | Lair:1   | Entered Level 1 of the Lair of Beasts
 13084 | Lair:1   | Noticed a boulder beetle
 13098 | Lair:1   | Killed a boulder beetle
 13570 | Lair:1   | Found a one-way gate to the infinite horrors of the Abyss.
 13579 | Lair:1   | Found a corrupted altar of Lugonu.
 14093 | Lair:1   | Reached **** piety under Hepliaklqana
 14851 | Lair:1   | Identified a scroll of acquirement
 14851 | Lair:1   | Acquired the Papyrus of the Barrage
 14860 | Lair:1   | Learned a level 4 spell: Hailstorm
 15052 | Lair:2   | Found a staircase to the Swamp.
 15553 | Lair:3   | Reached skill level 10 in Spellcasting
 15674 | Lair:3   | Noticed a death yak
 15681 | Lair:3   | Noticed a death yak
 15684 | Lair:3   | Noticed a death yak
 15687 | Lair:3   | Killed a death yak
 15688 | Lair:3   | Reached skill level 11 in Earth Magic
 15703 | Lair:2   | Killed a death yak
 15704 | Lair:2   | Reached XP level 13. HP: 45/58 MP: 17/27
 15798 | Lair:3   | Reached skill level 12 in Earth Magic
 15836 | Lair:3   | Found a staircase to the Snake Pit.
 15897 | Lair:3   | Found a bloodstained altar of Trog.
 15897 | Lair:3   | Noticed FizzleBangTC's ghost (journeyman MeEE)
 15911 | Lair:3   | Noticed Kirke
 15923 | Lair:3   | Killed Kirke
 15961 | Lair:3   | Found a transporter.
 15965 | Lair:3   | Noticed Gastronok
 15974 | Lair:3   | Killed Gastronok
 15975 | Lair:3   | Reached skill level 13 in Earth Magic
 16028 | Lair:3   | Found a transporter.
 16842 | Lair:4   | Reached skill level 14 in Earth Magic
 17049 | Lair:4   | Reached skill level 15 in Earth Magic
 17054 | Lair:4   | Reached ***** piety under Hepliaklqana
 17106 | Lair:4   | Found a shimmering altar of Xom.
 17149 | Lair:4   | Found a viscous altar of Jiyva.
 17149 | Lair:4   | Found a staircase to the Slime Pits.
 17773 | Lair:5   | Entered Level 5 of the Lair of Beasts
 18162 | Lair:5   | Gained mutation: Your large and strong wings let you fly.
                  | [Gargoyle growth]
 18162 | Lair:5   | Reached XP level 14. HP: 35/63 MP: 16/28
 19624 | Orc:1    | Entered Level 1 of the Orcish Mines
 19850 | Orc:2    | Entered Level 2 of the Orcish Mines
 19937 | Orc:2    | Found a staircase to the Elven Halls.
 20401 | Orc:2    | Reached skill level 1 in Armour
 20523 | Orc:2    | Noticed an orc warlord
 20575 | Orc:1    | Noticed an orc warlord
 21111 | Orc:2    | Killed an orc warlord
 21372 | Orc:2    | Found Aryr's General Store.
 21373 | Orc:2    | Found Ickof's Jewellery Shoppe.
 21374 | Orc:2    | Found Pummesami's Antique Armour Emporium.
 21374 | Orc:2    | Found Zosexa's Antique Weapon Emporium.
 21407 | Orc:2    | Bought a glowing demon whip for 414 gold pieces
 21749 | Orc:1    | Killed an orc warlord
 21967 | Orc:1    | Found Lecacow's Assorted Antiques.
 22208 | Swamp:1  | Entered Level 1 of the Swamp
 22208 | Swamp:1  | Noticed Frances
 22589 | D:11     | Reached XP level 15. HP: 72/72 MP: 11/29
 22785 | D:11     | Identified the +1 plate armour of the Fiddle {rPois Str+3
                  | Dex-5}
 22798 | D:11     | Noticed Lodul
 22803 | D:11     | Killed Lodul
 22875 | D:11     | Identified the +1 robe of Vanity {rElec rC+ rCorr Dex+2}
 22888 | D:11     | Identified the +7 great sword of the Big Bang {vorpal,
                  | rPois rF+ rCorr Stlth-}
 22892 | D:11     | Identified the ring "Baylil" {rPois Dex+4}
 22982 | D:11     | Learned a level 7 spell: Orb of Destruction
 23036 | D:11     | Found Quluuxka's Antique Armour Boutique.
 24485 | D:13     | Found Dodoan's Assorted Antiques.
 24500 | D:13     | Bought a warped flail for 212 gold pieces
 24500 | D:13     | Identified the +6 flail "Kinwyalor" {flame, Int+2} (You
                  | bought it in a shop on level 13 of the Dungeon)
 24700 | D:13     | Learned a level 8 spell: Lehudib's Crystal Spear
 24706 | D:13     | Reached ****** piety under Hepliaklqana
 24802 | D:13     | Reached skill level 15 in Conjurations
 25340 | D:14     | Noticed Nessos
 25340 | D:14     | Noticed Urug
 25340 | D:14     | Found a gate to the Vaults.
 25355 | D:14     | Killed Nessos
 25389 | D:14     | Killed Urug
 26490 | D:14     | Found a bloodstained altar of Trog.
 27199 | D:15     | Entered Level 15 of the Dungeon
 27299 | D:15     | Reached XP level 16. HP: 73/77 MP: 19/32
 28479 | D:13     | Bought a scroll of acquirement for 1300 gold pieces
 28480 | D:13     | Acquired 1219 gold pieces
 30209 | D:15     | Found a staircase to the Depths.
 31534 | Lair:2   | Reached skill level 16 in Earth Magic
 31659 | Swamp:1  | Killed Frances
 32581 | Swamp:1  | Killed from afar by an eleionoma

Illustrated notes

Levels and vault maps discovered:
D:1:      lemuel_arrival_tunnels, layout_loops_ring,
          ebering_ecumenical_altar_petrified, kennysheep_small_spiral
D:2:      layout_rooms
D:3:      layout_basic, evilmike_ruin_ashenzari
D:4:      layout_basic, uniq_robin
D:5:      cheibrodos_fzero, layout_gridville, minmay_temple_entry_ruins
D:6:      layout_basic, jmf_multi_god_temple2, kennysheep_mini_moat,
          nicolae_ossuary_entry_giza, lightli_sewer_entry_pipes, serial_shops,
          shop, minivault_1
D:7:      layout_basic
D:8:      layout_loops_ring, chequers_temple_overflow_statue_of_worship,
          uniq_maurice, uniq_prince_ribbit1
D:9:      minmay_general_purpose_star, layout_basic, guppyfry_shop_venom
D:10:     layout_stronghold, david_orc_4
D:11:     minmay_the_grid_square_5x5_3x3
          [minmay_the_grid_square_5x5_checkered_sparse,
          minmay_the_grid_square_5x5_bite,
          minmay_the_grid_square_5x5_three_small,
          minmay_the_grid_square_5x5_shrine2,
          minmay_the_grid_square_5x5_megaprize_crossed,
          minmay_the_grid_square_5x5_v, minmay_the_grid_square_5x5_two_walls_a,
          minmay_the_grid_square_5x5_checkered_statues,
          minmay_the_grid_square_5x5_percent], layout_rooms, dpeg_oklobed_lair,
          serial_shops, nicolae_lakefront_shop, uniq_lodul
D:12:     layout_loops_cross
D:13:     layout_irregular_city, serial_shops, shop,
          chequers_serial_rivers_micro_c
D:14:     kennysheep_blocky_hall, layout_loops_ring, david_vaults_3,
          bloody_trog, serial_co_window_serial, co_window_corner_a,
          co_window_corner_a, co_window_paths_a, co_window_of_opportunity_a,
          co_window_paths_b, co_window_unsneaky_path_b, co_window_cross_2,
          co_window_corner_b, co_window_of_opportunity_b, co_window_corner_ca,
          co_window_2corner, glass_columns_a, glass_columns_b
D:15:     grunt_enter_depths_snipers, layout_cross, patterned_corridor, pond
Temple:   regret_index_temple_sphere_string
Lair:1:   layout_layer_cave, amcnicky_altar_lugonu_corruption
Lair:2:   layout_regular_city, swamp_mist_pool, grunt_megastairs_1
Lair:3:   layout_regular_city, dummy_snake_entry,
          gammafunk_ghost_wrathful_warriors, dreamdust_mushroom_princess,
          grunt_megastairs_2, uniq_gastronok, uniq_kirke
Lair:4:   layout_misc_corridors, slime_entry_1, basic_altar, st_stairs_4,
          lemuel_fruit_tree, grunt_megastairs_3
Lair:5:   gammafunk_lair_ancient_temple, layout_regular_city
Swamp:1:  layout_falls_marsh, evilmike_swamp_ruin_house_6,
          infiniplex_staircase_pool, uniq_frances
Orc:1:    layout_caves, serial_shops, nicolae_shop_stone
Orc:2:    st_orc_congregation, layout_diamond_mine

Skill      XL: |  1  2  3  4  5  6  7  8  9 10 11 12 13 14 15 16 |
---------------+-------------------------------------------------+-----
Earth Magic    | 4 5 6 7 8 10 11 15 16 | 16.8
Spellcasting   | 3 4 5 10 12 13 | 13.5
Conjurations   | 2 4 6 8 11 12 15 | 15.0
Maces & Flails | 8 10 11 14 | 14.0
Necromancy     | 6 |  6.0
Fighting       | 1 4 |  4.4
Armour         | 4 |  4.0
Dodging        | 4 |  4.0
Stealth        | |  2.1
Transmutations | |  0.7

Action                   |  1- 3 |  4- 6 |  7- 9 | 10-12 | 13-15 | 16-18 || total
-------------------------+-------+-------+-------+-------+-------+-------++-------
Melee: Dagger            |    21 |     2 |       |       |       |       ||    23
       Short sword       |       |     1 |       |       |       |       ||     1
       Whip              |       |       |    18 |   127 |       |       ||   145
       Punch             |       |       |       |     3 |     2 |       ||     5
       Flail             |       |       |       |    15 |   189 |       ||   204
       Demon whip        |       |       |       |       |    66 |    25 ||    91
       Staff             |       |       |       |       |    18 |    21 ||    39
Throw: Dart              |       |       |     4 |       |       |       ||     4
 Cast: Sandblast         |    51 |   101 |   160 |   287 |   116 |    30 ||   745
       Stone Arrow       |       |       |     6 |    10 |   102 |    59 ||   177
       Borgnjor's Vile C |       |       |       |    25 |   232 |    56 ||   313
       Hailstorm         |       |       |       |    10 |    11 |     1 ||    22
       Static Discharge  |       |       |       |     2 |     1 |     3 ||     6
       Orb of Destructio |       |       |       |       |    38 |    29 ||    67
Invok: Recall Ancestor   |       |       |       |     6 |    20 |     2 ||    28
       Ancestor Life: He |       |       |       |     1 |       |       ||     1
       Ancestor Identity |       |       |       |     1 |       |       ||     1
       Idealise          |       |       |       |       |     2 |     1 ||     3
       Transference      |       |       |       |       |       |     1 ||     1
Evoke: Wand              |       |       |       |     2 |     2 |       ||     4
       Lightning rod     |       |       |       |       |     2 |       ||     2
  Use: Scroll            |       |     3 |     1 |    15 |    19 |     5 ||    43
       Potion            |       |     1 |     1 |     9 |    13 |     3 ||    27
 Stab: Confused          |       |       |       |     3 |     2 |       ||     5
       Distracted        |       |       |       |     2 |     6 |     2 ||    10
       Sleeping          |       |       |       |       |     1 |       ||     1
       Paralysed         |       |       |       |       |     6 |     8 ||    14
Armor: Robe              |    22 |    11 |    63 |    33 |    41 |    70 ||   240
       Skin              |       |       |       |    12 |       |       ||    12
       Steam dragon scal |       |       |       |    81 |   131 |       ||   212
       Acid dragon scale |       |       |       |     1 |       |       ||     1
Dodge: Dodged            |    37 |    28 |    57 |   117 |   188 |    78 ||   505
Block: Buckler           |       |       |       |       |    12 |    73 ||    85
       Reflection        |       |       |       |       |     3 |     1 ||     4
